 Dungeon Crawl Stone Soup version 0.29.1-15-g9cfb28693d (webtiles) character file.

Game seed: 13713843593646417771

72 jtron the Stinger (level 4, 0/42 HPs)
             Began as an Octopode Venom Mage on Mar 21, 2023.
             Slain by Sigmund
             ... wielding a +0 scythe
              (6 damage)
             ... on level 2 of the Dungeon.
             The game lasted 00:09:13 (2684 turns).

jtron the Stinger (Octopode Venom Mage)             Turns: 2684, Time: 00:09:15

Health: 0/42       AC: 22    Str:  7    XL:     4   Next: 26%
Magic:  0/7        EV:  2    Int: 19    God:
Gold:   68         SH:  0    Dex: 12    Spells: 2/8 levels left

rFire   . . .      SeeInvis .   (no weapon)
rCold   . . .      Faith    .   (no shield)
rNeg    . . .      Spirit   .   (helmet currently unavailable)
rPois   +          Reflect  .   (no amulet)
rElec   .          Harm     .   (no ring)
rCorr   .          Rampage  .   (no ring)
Will    .....      NoTele   +   (no ring)
Stlth   ++........              (no ring)
HPRegen 0.14/turn               (no ring)
MPRegen 0.10/turn               (no ring)
                                (no ring)
                                (no ring)

@: tree-form
A: stationary, stasis, torment immunity, boosted hp, almost no armour,
(amphibious), 8 rings, (camouflage 1), (gelatinous body 1), (nimble swimmer 1),
(tentacles)
a: no special abilities


You were on level 2 of the Dungeon.
You were a tree.
You visited 1 branch of the dungeon, and saw 2 of its levels.

You collected 68 gold pieces.

Inventory:

Missiles
 c - 45 stones (quivered)
Scrolls
 b - a scroll of poison {unknown}
 d - 2 scrolls of enchant armour
 e - a scroll of butterflies
 f - a scroll of silence {unknown}
 i - a scroll of enchant weapon {unknown}
 k - a scroll of identify
 l - a scroll of noise {unknown}
Potions
 a - a potion of flight
 h - a potion of lignification
 j - a potion of cancellation {unknown}


   Skills:
 * Level 1.4 Fighting
 + Level 2.2 Dodging
 + Level 3.1 Stealth
 + Level 0.5 Unarmed Combat
 + Level 2.5 Spellcasting
 * Level 0.5 Conjurations
 - Level 1.4 Transmutations
 * Level 0.8 Air Magic
 + Level 3.9 Poison Magic


You had 2 spell levels left.
You knew the following spells:

 Your Spells              Type           Power      Damage    Failure   Level
a - Sting                 Tmut/Pois      48%        1d5       5%          1
b - Poisonous Vapours     Pois/Air       22%        N/A       9%          2
c - Mephitic Cloud        Conj/Pois/Air  9%         N/A       24%         3

Your spell library contained the following spells:

 Spells                   Type           Power      Damage    Failure   Level
 Olgreb's Toxic Radiance  Pois           17%        N/A       32%         4
 Summon Guardian Golem    Hex/Summ       2%         N/A       43%         3
 Orb of Destruction       Conj           2%         9d5       100%        7
 Spellforged Servitor     Conj/Summ      1%         N/A       100%        7


Dungeon Overview and Level Annotations

Branches:
Dungeon (2/15)

Altars:

Annotations:
D:2 Sigmund


Innate Abilities, Weirdness & Mutations

You are a tree.
Your roots penetrate the ground, keeping you stationary.
You cannot be teleported.
You are immune to unholy pain and torment.
Your maximum health is greatly increased.
You cannot wear most types of armour.
((You are amphibious.))
You can wear up to eight rings at the same time.
((Your skin changes colour to match your surroundings (Stealth+).))
((Your rubbery body absorbs attacks. (AC +1, EV +1)))
((You are camouflaged when in or above water. (Stealth+)))
((You have tentacles for arms and can constrict up to eight enemies at once.))


Message History

Aim: Sigmund, wielding a +0 scythe and wearing a +0 robe (heavily wounded, 52% to hit)
You throw a javelin. The javelin pierces through Sigmund.
Sigmund is severely wounded.
Sigmund hits you but does no damage.
Throw: 49 stones
Press: ? - help, Q - select action, (/) - cycle Shift-Dir - straight line, f/p - Sigmund
Aim: Sigmund, wielding a +0 scythe and wearing a +0 robe (severely wounded, 52% to hit)
You throw a stone. The stone barely misses Sigmund.
Casting: Sting (safe; 5% risk of failure)
Confirm with . or Enter, or press ? or * to list all spells.
Aiming: Sting (safe; 5% risk of failure)
Press: ? - help, Shift-Dir - straight line, f/p - Sigmund
Aim: Sigmund, wielding a +0 scythe and wearing a +0 robe (severely wounded, 68% to hit)
The sting hits Sigmund.
Sigmund is poisoned.
Sigmund is almost dead.
Sigmund hits you from afar with a +0 scythe!
* * * LOW HITPOINT WARNING * * *
Throw: 48 stones
Press: ? - help, Q - select action, (/) - cycle Shift-Dir - straight line, f/p - Sigmund
Aim: Sigmund, wielding a +0 scythe and wearing a +0 robe (almost dead, poisoned, 52% to hit)
You throw a stone.
The stone hits Sigmund but does no damage.
Sigmund is almost dead.
Sigmund points at you and mumbles some strange words.
The puff of flame hits you but does no damage.
Throw: 47 stones
Press: ? - help, Q - select action, (/) - cycle Shift-Dir - straight line, f/p - Sigmund
Aim: Sigmund, wielding a +0 scythe and wearing a +0 robe (almost dead, poisoned, 52% to hit)
You throw a stone.
The stone hits Sigmund but does no damage.
Sigmund is almost dead.
Sigmund casts a spell at you. The puff of flame hits you.
* * * LOW HITPOINT WARNING * * *
Throw: 46 stones
Press: ? - help, Q - select action, (/) - cycle Shift-Dir - straight line, f/p - Sigmund
Aim: Sigmund, wielding a +0 scythe and wearing a +0 robe (almost dead, poisoned, 52% to hit)
You throw a stone. The stone barely misses Sigmund.
Sigmund hits you from afar with a +0 scythe.
You die...

#.# #.
######.####.
#...........
#.##########
# ######..(#
#..@...# ..#
#♣####...#
#.# #.# #
#.# #.# #.#
#.# #.# #.#
#.# #.#
#.#####.####
#.#
#...........
#.#
#######.####
#.# #.#


You could see Sigmund (poisoned).

Vanquished Creatures
  A gnoll (D:1)
  An adder (D:2)
  A worm (D:2)
  2 dart slugs (D:1)
  7 ball pythons
  2 bats (D:1)
  2 endoplasms (D:1)
  4 giant cockroaches (D:1)
  3 goblins (D:1)
  2 hobgoblins (D:1)
  9 jackals
  3 kobolds (D:1)
  A quokka (D:2)
  2 frilled lizards
  2 rats (D:1)
42 creatures vanquished.

Notes
Turn   | Place    | Note
-------+----------+-------------------------------------------
     0 | D:1      | jtron the Octopode Venom Mage began the quest for the Orb.
     0 | D:1      | Reached XP level 1. HP: 11/11 MP: 3/3
   736 | D:1      | Reached XP level 2. HP: 9/18 MP: 1/5
   897 | D:1      | Reached skill level 1 in Fighting
   943 | D:1      | Learned a level 2 spell: Poisonous Vapours
  1105 | D:1      | Reached XP level 3. HP: 23/23 MP: 2/6
  1122 | D:1      | Learned a level 3 spell: Mephitic Cloud
  2116 | D:2      | Reached XP level 4. HP: 25/28 MP: 4/7
  2651 | D:2      | Noticed Sigmund
  2684 | D:2      | Slain by Sigmund

Illustrated notes

Levels and vault maps discovered:
D:1:      sevenhm_arrival_forest_fort_large_4, layout_rooms,
          grunt_decor_mini_mirrors, minmay_pentomino_v2
D:2:      layout_loops_ring, dreamdust_ecumenical_altar_statues, uniq_sigmund

Skill      XL: |  1  2  3  4 |
---------------+-------------+-----
Fighting       | 1 |  1.4
Stealth        | 3 |  3.1
Dodging        | |  2.2
Unarmed Combat | |  0.5
Spellcasting   | |  2.5
Conjurations   | |  0.5
Transmutations | |  1.4
Air Magic      | |  0.8
Poison Magic   | |  3.9

Action                   |  1- 3 |  4- 6 || total
-------------------------+-------+-------++-------
Melee: Unarmed           |    46 |     9 ||    55
       Tentacles         |     8 |     2 ||    10
       Constrict         |    13 |     1 ||    14
Throw: Javelin           |       |     7 ||     7
       Stone             |       |     4 ||     4
 Cast: Sting             |    33 |     7 ||    40
       Poisonous Vapours |     8 |     5 ||    13
  Use: Potion            |     1 |     1 ||     2
       Scroll            |     3 |       ||     3
 Stab: Sleeping          |     9 |       ||     9
Armor: Skin              |     4 |    10 ||    14
Dodge: Dodged            |    44 |     8 ||    52
